Cogmind - Beta 16 @@@ ROGUE MODE // 2025.10.22 @ 00:00:11 Player: Some Pennies Result: Destroyed by X2-31Y(R) with Subdweller Shrapnel Launcher Performance ------------- Evolutions (0) 0 Regions Visited (3) 600 Robots Destroyed (37) 185 Value Destroyed (549) 549 Prototype IDs (1) 20 Alien Tech Used (0) 0 Bonus (0) 0 TOTAL SCORE: 1354 Bonus ------- None Cogmind --------- Core Integrity 0/250 Matter 300/300 Energy 119/125 System Corruption 0% Temperature Cool (0) Movement Treading (160) Location -10/Subcaves Parts ------- > --- POWER (1) -------- Light Ion Engine > --- PROPULSION (2) --- Light Treads Subdweller Monowheel > --- UTILITY (2) ------ (None) > --- WEAPON (2) ------- Improved Medium Laser Improved Medium Laser > --- INVENTORY (5) ---- Cooling System High-capacity Storage Unit Makeshift Shrapnel Gun Battle Cannon Grenade Launcher Peak State ------------ > --- POWER ------------ Ion Engine > --- PROPULSION ------- Light Treads Light Treads > --- UTILITY ---------- Cooling System High-capacity Storage Unit > --- WEAPON ----------- Improved Medium Laser Improved Medium Laser > --- INVENTORY -------- Light Ion Engine Light Nuclear Core Light Treads Cooling System Cooling System Cooling System Medium Storage Unit Sensor Array Improved Terrain Scanner Hardened Light Armor Plating Hardened Light Armor Plating Hardened Light Armor Plating Hardened Light Armor Plating EM Pulse Gun Improved Medium Laser Improved Medium Laser Assault Rifle Datajack Mining Laser [Rating: 15] Favorites ----------- Power Ion Engine Engine Ion Engine Propulsion Light Treads Treads Light Treads Wheel Wheel Utility Cooling System Device Cooling System Storage High-capacity Storage Unit Protection Scrap Shield Weapon Improved Medium Laser Energy Gun Improved Medium Laser Ballistic Gun Assault Rifle Special Weapon Mining Laser Build | -11 -10 -10 -10 ------- Run | Yrd Mat Min Sub Slots Evolved . | . . . . Power . | . . . . Propulsion . | . . . . Utility . | . . . . Weapon . | . . . . Parts Attached 24 | 7 7 2 8 Power 4 | 2 1 . 1 Engine 4 | 2 1 . 1 Core . | . . . . Reactor . | . . . . Propulsion 6 | 2 . 2 2 Treads 3 | 2 . 1 . Leg . | . . . . Wheel 3 | . . 1 2 Hover . | . . . . Flight . | . . . . Utility 7 | 1 4 . 2 Device 3 | . 2 . 1 Storage 3 | 1 2 . . Processor . | . . . . Hackware . | . . . . Protection 1 | . . . 1 Artifact . | . . . . Weapon 7 | 2 2 . 3 Energy Gun 4 | . 2 . 2 Energy Cannon . | . . . . Ballistic Gun 2 | 2 . . . Ballistic Cannon . | . . . . Launcher . | . . . . Special Weapon 1 | . . . 1 Impact Weapon . | . . . . Slashing Weapon . | . . . . Piercing Weapon . | . . . . Special Melee Weapon . | . . . . Unidentified Prototypes 1 | . 1 . . Parts Lost 5 | . . 3 2 Power 1 | . . 1 . Propulsion 3 | . . 2 1 Utility 1 | . . . 1 Weapon . | . . . . Highest Loss Streak 3 | . . 3 1 To Critical Strikes . | . . . . Average Backups 12 | 2 15 18 5 Power 1 | . 1 1 . Propulsion . | . . . . Utility 6 | . 8 11 2 Weapon 3 | 1 3 4 2 Tool/Special . | . . . . Unused Backups 16 | . 3 . 13 Power 1 | . . . 1 Propulsion . | . . . . Utility 9 | . 1 . 8 Weapon 4 | . 1 . 3 Tool/Special 2 | . 1 . 1 Average Slot Usage (%) 92 | . 97 95 81 Engine 13 | . 14 13 14 Treads 21 | . 27 18 11 Wheel 5 | . . 5 16 Device 9 | . 12 14 . Storage 10 | . 14 14 . Protection 2 | . . . 8 Energy Gun 23 | . 19 28 27 Ballistic Gun 4 | . 8 . . Peak Build Rating 15 | 6 15 15 15 Average Rating 12 | 5 12 14 12 On Entrance 9 | . 6 15 15 Avg Prop Armor Cover (%) 10 | 34 . 13 9 Naked Turns . | . . . . Heaviest Build 53 | 13 53 51 51 Greatest Support 40 | 40 40 40 20 Greatest Overweight (x) 5 | . 1 5 5 Average Overweight (x) 1 | . . 3 1 Largest Inventory Capacity 20 | 8 20 20 20 Average Capacity 14 | 7 17 20 5 Most Carried 20 | 4 20 19 19 Average Carried 12 | 2 15 18 5 Final Capacity 20 | 8 20 20 5 Final Carried 19 | 4 19 19 5 Class Distribution -------------------- 100% | Mutant Dominant Class ---------------- Mutant | -10/Materials Mutant | -10/Mines Mutant | -10/Subcaves Resources | -11 -10 -10 -10 ----------- Run | Yrd Mat Min Sub Matter Collected 641 | 322 189 30 100 Remotely . | . . . . Salvage Created 1131 | 198 662 196 75 Parts 71 | 15 33 15 8 Haulers Intercepted 2 | . 2 . . Recyclers Shooed 5 | 1 2 2 . Parts Field Recycled . | . . . . Retrieved Matter . | . . . . Parts Self-Destructed 12 | . . . 12 Prevented . | . . . . Parts Restored . | . . . . Kills | -11 -10 -10 -10 ------- Run | Yrd Mat Min Sub Combat Hostiles Destroyed 18 | . 10 4 4 Guns 18 | . 10 4 4 Classes Destroyed 10 | 3 6 . 1 Worker 2 | 1 . 1 . Builder 2 | . 1 1 . Tunneler 7 | 5 . 2 . Hauler 2 | . 2 . . Recycler 3 | 1 2 . . Operator 1 | . 1 . . Watcher 2 | . 2 . . Swarmer 9 | . 3 3 3 Grunt 7 | . 7 . . Subdweller 1 | . . . 1 Best Kill Streak 4 | 3 4 3 1 Combat Bots Only 3 | . 2 3 1 Max Kills in Single Turn 1 | 1 1 1 1 Gunslinging . | . . . . Exploded . | . . . . Melee . | . . . . Uniques/NPCs Destroyed 1 | . . 1 . YI-UF0 (-10/Mines) Combat | -11 -10 -10 -10 -------- Run | Yrd Mat Min Sub Hostile Shots Fired 125 | . 45 43 37 Missed 42 | . 16 17 9 Hits 83 | . 29 26 28 Projectile 83 | . 29 26 28 AOE 19 | . . 14 5 Critical Strikes 1 | . . . 1 Damage Taken 1639 | . 471 568 600 Core 278 | . 54 78 146 Absorbed by Shields . | . . . . Regen/Repaired (Parts) 169 | . 169 . . Core Remaining (%) 100 | 100 . . . Volleys Fired 107 | 13 55 21 18 Largest 2 | 2 2 2 2 Hottest 112 | 40 112 112 112 Shots Fired 211 | 26 110 42 33 Gun 208 | 26 110 42 30 Cannon . | . . . . Launcher . | . . . . Special 3 | . . . 3 Kinetic 75 | 26 49 . . Thermal 136 | . 61 42 33 Explosive . | . . . . Electromagnetic . | . . . . Robot Hit Streak 13 | 5 13 11 5 Robot Miss Streak 4 | 1 4 3 2 Penetration Max . | . . . . Secondary Targets 3 | . . 2 1 Max Gunslinging Chain 1 | . . 1 1 Shots Hit Robots 127 | 17 68 23 19 Core Hits 53 | 10 28 11 4 Critical Kills . | . . . . Critical Parts Destroyed . | . . . . Critical Strikes 7 | . 4 2 1 Burn 7 | . 4 2 1 Melee Attacks . | . . . . Impact . | . . . . Slashing . | . . . . Piercing . | . . . . Sneak Attacks . | . . . . Combat Hostiles . | . . . . Follow-up Attacks . | . . . . Damage Inflicted 1821 | 182 927 386 326 Guns 1821 | 182 927 386 326 Cannons . | . . . . Explosions . | . . . . Melee . | . . . . Ramming . | . . . . Kinetic 534 | 182 352 . . Thermal 1287 | . 575 386 326 Explosive . | . . . . Electromagnetic . | . . . . Impact . | . . . . Slashing . | . . . . Piercing . | . . . . Highest Corruption . | . . . . Average Corruption . | . . . . Corruption Purged . | . . . . Corruption Blocked . | . . . . Overload Shots . | . . . . Overflow Damage . | . . . . Projectiles . | . . . . Explosions . | . . . . Melee . | . . . . Knockbacks . | . . . . Impact . | . . . . Kinetic . | . . . . Secondary . | . . . . Self-Inflicted Damage . | . . . . Shots . | . . . . Rammed . | . . . . Targets Rammed . | . . . . Kicked . | . . . . Crushed . | . . . . Highest Temperature 24 | . 9 . 24 Average Temperature 8 | . 4 . 21 Received Heat Transfer 255 | . 192 . 63 Siege Activations . | . . . . Martial Activations . | . . . . Shielding Activations . | . . . . Robots Disrupted . | . . . . Combat Hostiles . | . . . . Robots Corrupted . | . . . . Combat Hostiles . | . . . . Parts Fried . | . . . . Impact Corruptions . | . . . . Robots Melted . | . . . . Combat Hostiles . | . . . . Parts Melted 2 | . 2 . . Heat Transferred 3330 | . 1554 999 777 Parts Sabotaged . | . . . . Parts Stolen . | . . . . Parts Stripped . | . . . . Power Chain Reactions . | . . . . Alert | -11 -10 -10 -10 ------- Run | Yrd Mat Min Sub Maximum Alert Level . | . . . . Low Security (%) 100 | 100 100 100 . Level 1 . | . . . . Level 2 . | . . . . Level 3 . | . . . . Level 4 . | . . . . Level 5 . | . . . . High Security . | . . . . Max Security . | . . . . Peak Influence 94 | 10 94 62 . Initial 2 | . . 2 . Average 21 | 2 27 11 . Influence Increases 603 | 35 363 90 115 Destroy 0b10 Robot/C 320 | . 200 60 60 Destroy 0b10 Robot/NC 95 | 35 40 20 . Destroy Leader 78 | . 58 10 10 Successful Hack 32 | . 32 . . Disable Machine 15 | . 15 . . Destroy Structure 3 | . 3 . . Lose Combat Pursuer 60 | . 15 . 45 Influence Decreases 603 | 35 356 94 118 Entered New Map 8 | . . 5 3 Time Decay 575 | 35 356 89 95 Lost Part 20 | . . . 20 Squads Dispatched 1 | . 1 . . Investigation . | . . . . Extermination . | . . . . Reinforcement 1 | . 1 . . Assault . | . . . . Garrison . | . . . . Intercept . | . . . . Searches Triggered . | . . . . Construction Impeded . | . . . . Haulers Reinforced . | . . . . Active Scanning Responses . | . . . . Cargo Convoy Interrupts . | . . . . Stealth | -11 -10 -10 -10 --------- Run | Yrd Mat Min Sub Distress Signals 2 | . 2 . . Communications Jammed . | . . . . Distress Signals . | . . . . Times Spotted 41 | . 23 4 14 Peak Tracking Total 6 | . 3 3 6 Tactical Retreats 3 | . 1 . 2 Traps | -11 -10 -10 -10 ------- Run | Yrd Mat Min Sub Traps Triggered 4 | . 2 . 2 Indirectly . | . . . . Trap Hack Attempts . | . . . . Triggered . | . . . . Disarmed . | . . . . Reprogrammed . | . . . . Reused . | . . . . Traps Extracted . | . . . . Installed . | . . . . Triggered . | . . . . Machines | -11 -10 -10 -10 ---------- Run | Yrd Mat Min Sub Machines Disabled 1 | . 1 . . Max in Single Turn 1 | . 1 . . Machines Repaired . | . . . . Machines Dismantled . | . . . . Machines Sabotaged . | . . . . Overloaded Fab Kills . | . . . . Hacking | -11 -10 -10 -10 --------- Run | Yrd Mat Min Sub Machines Accessed 8 | . 7 . 1 Terminals 6 | . 6 . . Fabricators . | . . . . Repair Stations 1 | . 1 . . Recycling Units . | . . . . Scanalyzers . | . . . . Garrison Access . | . . . . Total Hacks 30 | . 26 . 4 Successful 24 | . 20 . 4 Failed 6 | . 6 . . Catastrophic . | . . . . Database Lockouts . | . . . . Manual 14 | . 14 . . Terminals 20 | . 20 . . Fabricators . | . . . . Repair Stations 6 | . 6 . . Recycling Units . | . . . . Scanalyzers . | . . . . Garrison Access . | . . . . Terminal Hacks 8 | . 4 . 4 Record 4 | . . . 4 Robot Analysis 1 | . 1 . . Terminal Index 1 | . 1 . . Locate Traps 1 | . 1 . . Hauler Manifests 1 | . 1 . . Fabricator Hacks . | . . . . Repair Station Hacks 6 | . 6 . . Scan Component 3 | . 3 . . Repair 3 | . 3 . . Recycling Unit Hacks . | . . . . Scanalyzer . | . . . . Garrison Access Hacks . | . . . . Unauthorized Hacks 10 | . 10 . . Terminals 10 | . 10 . . Assimilate 1 | . 1 . . Botnet 3 | . 3 . . Operators 1 | . 1 . . Skim 5 | . 5 . . Fabricators . | . . . . Repair Stations . | . . . . Recycling Units . | . . . . Scanalyzers . | . . . . Garrison Access . | . . . . Data Cores Recovered . | . . . . Used . | . . . . Hacking Detections 4 | . 4 . . Full Trace Events . | . . . . Feedback Events . | . . . . Feedback Blocked . | . . . . Robot Schematics Acquired . | . . . . Robots Built . | . . . . Authchips . | . . . . Time . | . . . . Total Robot Build Rating . | . . . . Part Schematics Acquired . | . . . . Parts Built . | . . . . Authchips . | . . . . Time . | . . . . Total Part Build Rating . | . . . . Part Studies Acquired . | . . . . Parts Repaired 3 | . 3 . . Time 103 | . 103 . . Parts Recycled . | . . . . Recycled Matter . | . . . . Retrieved Matter . | . . . . Retrieved Components . | . . . . Parts Scanalyzed . | . . . . Part Schematics Acquired . | . . . . Parts Damaged . | . . . . Bothacking | -11 -10 -10 -10 ------------ Run | Yrd Mat Min Sub Used RIF Installer . | . . . . Robots Hacked . | . . . . Non-combat . | . . . . Combat . | . . . . Robot Hacks Applied . | . . . . Relay Couplers Released . | . . . . Fabnet Peak Effective % . | . . . . Robots Rewired . | . . . . Allies Hacked . | . . . . Hacks Repelled . | . . . . Allies | -11 -10 -10 -10 -------- Run | Yrd Mat Min Sub Total Allies . | . . . . Largest Group . | . . . . Highest-Rated Group . | . . . . Highest-Rated Ally . | . . . . Total Orders . | . . . . Ally Attacks . | . . . . Total Damage . | . . . . Kills . | . . . . Allies Corrupted . | . . . . Allies Melted . | . . . . Intel | -11 -10 -10 -10 ------- Run | Yrd Mat Min Sub Active Infowar (turns) 198 | . 198 . . Sensors 198 | . 198 . . Robot Analysis Total 1 | . 1 . . Derelict Logs Recovered 3 | . . . 3 Drone Launches . | . . . . Drone Recoveries . | . . . . Exploration | -11 -10 -10 -10 ------------- Run | Yrd Mat Min Sub Turns Passed 2548 | 144 1206 565 633 Spaces Moved 1258 | 65 423 240 530 Core 8 | 8 . . . Treads 585 | 57 423 105 . Legs . | . . . . Wheels 665 | . . 135 530 Hover . | . . . . Flight . | . . . . Fastest Speed 50 | 50 160 155 80 Average Speed 161 | 146 213 204 102 Slowest Speed 320 | 160 240 320 155 Overloaded Moves . | . . . . Propulsion Burnouts . | . . . . Robots Hopped . | . . . . Potential Cave-ins . | . . . . Cave-ins Triggered . | . . . . Exploration Rate (%) 48 | 4 72 58 58 Regions Visited 3 Branch Regions 2 Pre-discovered Areas 3 | . 2 . 1 Known Exits Taken 1 | . . 1 . Unknown Exits Taken 2 | 1 1 . . Scrap Searched 4 | . . 1 3 Spaces Dug 1 | . . . 1 Terrain Destroyed 1 | . . . 1 Melee . | . . . . Projectile 1 | . . . 1 AOE . | . . . . Terrain Rammed . | . . . . Walls Destroyed . | . . . . Machines Disabled . | . . . . Actions | -11 -10 -10 -10 --------- Run | Yrd Mat Min Sub Total 1564 | 87 619 273 585 Wait 117 | . 108 8 1 Move 1255 | 64 422 239 530 Hop . | . . . . Pick Up 26 | 3 18 2 3 Fast Attach 14 | 6 6 1 1 Attach 3 | . . 2 1 Detach 2 | . . . 2 Swap 13 | 1 4 . 8 Drop 26 | . 6 . 20 Fire 107 | 13 55 21 18 Melee . | . . . . Ram . | . . . . Kick . | . . . . Crush . | . . . . Escape Stasis . | . . . . Rewire . | . . . . Trap . | . . . . Miscellaneous 1 | . . . 1 Route ------- -11/Scrapyard -10/Materials (discovered 5 exits: *Mat x3 / [*Min] / Sub) -10/Mines (discovered 2 exits: Mat / *Sub) -10/Subcaves (discovered 1 exit: Rec) History --------- Turn | Location | Event 32 | -11/Scrapyard | Discovered new exit (range 16) 145 | -11/Scrapyard | Entered Materials 308 | -10/Materials | Build established: Mutant 580 | -10/Materials | Discovered new exit (range 8) 704 | -10/Materials | Learned location of Subcaves (-10) 747 | -10/Materials | Identified exit to Materials 826 | -10/Materials | Identified exit to Subcaves 855 | -10/Materials | Learned 2 Mines zone layouts 878 | -10/Materials | Repaired Imp. Medium Laser 887 | -10/Materials | Loaded intel: 1 repair station location 905 | -10/Materials | Repaired Lgt. Treads 933 | -10/Materials | Repaired Lgt. Treads 1304 | -10/Materials | Discovered new exit (range 5) 1351 | -10/Materials | Entered Mines 1544 | -10/Mines | Destroyed YI-UF0 1571 | -10/Mines | Lost 3 parts (1p2n) 1749 | -10/Mines | Core integrity fell below 50% 1916 | -10/Mines | Entered Subcaves 1952 | -10/Subcaves | Learned Materials interactive machine intel 1958 | -10/Subcaves | Identified exit to Recycling 2203 | -10/Subcaves | Shifting Twisted Machinery released Flamer 2255 | -10/Subcaves | Shifting Twisted Machinery released Mak. Shrapnel Gun 2288 | -10/Subcaves | A swath of the cavern ceiling suddenly collapsed 2311 | -10/Subcaves | Learned location of Recycling (-9) 2315 | -10/Subcaves | A swath of the cavern ceiling suddenly collapsed 2368 | -10/Subcaves | Core integrity fell below 20% 2499 | -10/Subcaves | Visited Clippyterm 2502 | -10/Subcaves | Learned Factory fabricator intel 2502 | -10/Subcaves | Learned Factory stockpile data 2549 | -10/Subcaves | Destroyed by X2-31Y(R) with Subdweller Shrapnel Launcher Last Messages --------------- ancient AI. I give up. There must be something fundamentally wrong with the algorithm, because no matter how much data I collect to feed it, half the time it still manages to suggest unhelpful sample queries and responses. --DD-NU8 >>Record "Authchips" It looks like you're interested in fabrication without breaking the rules, would you like help? Data stored: Factory fabricator intel. >>Record "Finders Keepers" It looks like you're interested in reappropriating Complex 0b10 components, would you like help? Data stored: Factory stockpile data. >>Record "Optimus" It looks like you're curious about the current leader of 0bPrime. Optimus is well liked, but certainly not being up front with the UFD as a whole. 02541_ HV Slug penetrates Twisted Machinery. 02543_ 43-KNK(h) destroyed. 02545_ TL-B7J(R) destroyed. 02548_ X2-31Y(R) affixes Scrap Shield Fragment to Scrap Shield. Map ----- +----------------------------------------------------+ | ?????????????????????????????????????????? | | ?????????????????????????????????????????? | | ?????????????????????????????????????????? | | ?????????????????????????????????????????? | | ?????????????????????????????????????????? | | ?????????????????????????????????????????? | | ?????????????????????????????????????????? | | ?????????????????????????????????????????? | | ?????????????????????????????????????????? | | ?????????????????????????????????????????? | | ?????????????????????????????????????????? | | ????????????????????? ???????????????????? | | ????????????????????? ???????????????????? | | ??????????????????? ???????????????????? | | ?????????????????"" ???????????????????? | | ?????????????????#" #???????????????????? | | ?????????????????#"" ##??????????????????? | | ????????????????## ;#??????????????????? | | ???????????????##; [ ;#??????????????????? | | ???????????????# ; %*;#??????????????????? | | ??????????????## R ;#??????????????????? | | ??????????????# #??????????????????? | | ??????????????# #??????????????????? | | ??????????????#; #??????????????????? | | ?????????????##; ;#??????????????????? | | ?????????????# ; @ #???????????????????? | | ?????????????##; ;#???????????????????? | | ?????????????#; ;#??????????????????? | | ?????????????#;; ; ;;#??????????????????? | | ?????????????####; ##??????????????????? | | ?????????????????# #???????????????????? | | ?????????????????## #???????????????????? | | ?????????????????# ##???????????????????? | | ?????????????????## ##???????????????????? | | ??????????????????# #???????????????????? | | ?????????????????## #???????????????????? | | ?????????????????# #???????????????????? | | ?????????????????## ##???????????????????? | | ??????????????????# #???????????????????? | | ??????????????????# ##???????????????????? | | ?????????????????## ##???????????????????? | | ?????????????????# #???????????????????? | | ?????????????????## ####???????????????#? | | ??????????????????# # ###???????????# # | | ??????????????????# #???????????# | | ?????????????????# ## #???????##???? | | ?????????????????##?### ######### #?????? | | ??????????????????????# ### ## #?????? | | ????????????????####### #?????? | | ????????????????#"""## ####### | +----------------------------------------------------+ Best States ------------- Heat Dissipation 47 Energy Generation 10 Energy Capacity 250 Matter Stores 300 Matter Capacity 300 Sight Range 16 Robot Scan Range 14 Terrain Scan Density 10 Armor Coverage 800 Evasion (%) 50 Recoil Reduction 2 Item Schematics ----------------- None Robot Schematics ------------------ None Fabricated ------------ Nothing Repaired ---------- Imp. Medium Laser | 63% | -10/Materials Lgt. Treads | 43% | -10/Materials Lgt. Treads | 59% | -10/Materials Studied --------- None Alien Tech Used ----------------- None Achievements -------------- Survival Of The Most Covered Challenges ------------ None Game ------ Seed NullHypercooledPlating Manual? 0 Play Time 00:18:08 Cumulative 761.1 hours Start 2025.10.21 @ 22:08:15 End 2025.10.22 @ 00:00:11 Sessions 3 Manual Loads 0 Difficulty Rogue Special Mode None Game No. 408 Rogue 403 Adventurer 5 Explorer 0 Win Type - Total 29 Types 7/1/12/1/1/0/5/1/1/0 Lore% 93 Gallery% 90 Achievement% 53 Wizard Run 0 Options --------- Layout 0 ASCII 0 Keyboard 0 Movement Mouse Keybinds 0 Fullscreen 2 Font 18/SmallcapsGlow Map View 38x25 Zoom Use 82% Tactical HUD 1 Map Filters NONE Filters NONE Steam 1 RUN: 0782ff3f-1776-4159-a49c-65f592041193